 Dungeon Crawl Stone Soup version 0.28.0-43-g3370ac3207 (webtiles) character file.

Game seed: 6812273629270763801

46 Descartes the Ruffian (level 3, 0/35 HPs)
             Began as a Troll Warper on Mar 3, 2022.
             Slain by a gnoll
             ... wielding a +0 spear
              (3 damage)
             ... on level 2 of the Dungeon.
             The game lasted 00:02:05 (973 turns).

Descartes the Ruffian (Troll Warper)                 Turns: 973, Time: 00:02:06

Health: 0/35       AC:  4    Str: 19    XL:     3   Next: 46%
Magic:  4/4        EV: 10    Int:  9    God:
Gold:   89         SH:  0    Dex: 17    Spells: 3/5 levels left

rFire   . . .      SeeInvis .     - Unarmed
rCold   . . .      Faith    .   (no shield)
rNeg    . . .      Spirit   .   a - +0 robe
rPois   .          Reflect  .   (helmet restricted)
rElec   .          Harm     .   (no cloak)
rCorr   .          Rampage  .   (gloves unavailable)
Will    .....                   (boots unavailable)
Stlth   ++........              (no amulet)
HPRegen 0.91/turn               d - ring of wizardry
MPRegen 0.09/turn               f - +6 ring of dexterity

@: no status effects
A: large, unfitting armour, claws 3, regeneration 1, shaggy fur 1, tough skin 1
a: no special abilities


You were on level 2 of the Dungeon.
You visited 1 branch of the dungeon, and saw 2 of its levels.

You collected 89 gold pieces.

Inventory:

Missiles
 c - 7 boomerangs of dispersal (quivered)
 e - 5 silver javelins
 g - 26 stones
Armour
 a - a +0 robe (worn)
Jewellery
 d - a ring of wizardry (left claw)
 f - a +6 ring of dexterity (right claw)
 h - a ring of positive energy
Scrolls
 b - a scroll of blinking


   Skills:
 + Level 2.0 Fighting
 - Level 1.0 Throwing
 - Level 2.0 Dodging
 + Level 2.5 Unarmed Combat
 + Level 1.5 Spellcasting
 + Level 2.5 Translocations


You had 3 spell levels left.
You knew the following spells:

 Your Spells              Type           Power      Damage    Failure   Level
b - Blink                 Tloc           10%        N/A       8%          2

Your spell library contained the following spells:

 Spells                   Type           Power      Damage    Failure   Level
 Gell's Gravitas          Tloc           5%         N/A       16%         3
 Lesser Beckoning         Tloc           5%         N/A       16%         3
 Teleport Other           Tloc           5%         N/A       16%         3
 Tukima's Dance           Hex            0%         N/A       38%         3
 Anguish                  Hex/Necr       0%         N/A       77%         4
 Manifold Assault         Tloc           5%         N/A       77%         5
 Enfeeble                 Hex            0%         N/A       100%        7


Dungeon Overview and Level Annotations

Branches:
Dungeon (2/15)

Altars:
Cheibriados


Innate Abilities, Weirdness & Mutations

You are too large for most types of armour.
You have claws for hands.
Your natural rate of healing is unusually fast.
You are covered in fur. (AC +1)
You have tough skin. (AC +1)


Message History

You struggle against the net.
You struggle against the net.
The gnoll hits you but does no damage.
You struggle against the net.
You rip the net and break free!
The gnoll hits you with a +0 flail.
The gnoll hits you from afar with a +0 spear!
You scratch the gnoll.
The gnoll is lightly wounded.
The gnoll closely misses you.
The gnoll hits you from afar with a +0 spear!
You scratch the gnoll.
The gnoll is lightly wounded.
The gnoll closely misses you. The gnoll completely misses you.
You claw the gnoll!
The gnoll is almost dead.
The gnoll barely misses you.
The gnoll hits you from afar with a +0 spear.
You closely miss the gnoll.
The gnoll is almost dead.
The gnoll hits you with a +0 flail!
* * * LOW HITPOINT WARNING * * *
The gnoll barely misses you.
You closely miss the gnoll.
The gnoll is almost dead.
The gnoll hits you with a +0 flail.
* * * LOW HITPOINT WARNING * * *
The gnoll hits you from afar with a +0 spear.
* * * LOW HITPOINT WARNING * * *
You claw the gnoll!
You kill the gnoll!
The gnoll hits you from afar with a +0 spear.
* * * LOW HITPOINT WARNING * * *
The gnoll hits you but does no damage. The gnoll barely misses you.
You see here a +0 flail.
You claw the gnoll!
The gnoll is almost dead.
The gnoll hits you from afar with a +0 spear.
* * * LOW HITPOINT WARNING * * *
The gnoll hits you with a +0 spear.
You die...

#....... #..(#### #.### #
#.# .. #.# ... #.# ... #.# .
.g #############.#
..P.#.###gg@.........[####
..P.......######..).........
.PP.#............###########
P ##############


You could see 2 gnolls.

Vanquished Creatures
  A gnoll (D:2)
  A worm (D:2)
  3 dart slugs (D:1)
  A ball python (D:1)
  A giant cockroach (D:2)
  4 goblins
  A hobgoblin (D:1)
  4 jackals (D:2)
  5 kobolds
  A quokka (D:1)
  A bat (D:1)
  4 rats (D:1)
27 creatures vanquished.

Vanquished Creatures (others)
  A ghoul (D:1)
  A demonspawn (D:1)
  A vine stalker (D:1)
  A troll (D:1)
  A merfolk (D:1)
  A vampire (D:1)
  A spriggan (D:1)
  A human (D:1)
  A demigod (D:1)
  An ogre (D:1)
  A mummy (D:1)
  A kobold (D:1)
  8 tentacles (D:1)
20 creatures vanquished.

Grand Total: 47 creatures vanquished

Notes
Turn   | Place    | Note
-------+----------+-------------------------------------------
     0 | D:1      | Descartes the Troll Warper began the quest for the Orb.
     0 | D:1      | Reached XP level 1. HP: 19/19 MP: 1/1
     0 | D:1      | Noticed a ghoul
     0 | D:1      | Noticed a spriggan
     0 | D:1      | Noticed a vampire
     0 | D:1      | Noticed a demigod
     0 | D:1      | Noticed a kraken
     0 | D:1      | Noticed a troll
     0 | D:1      | Noticed a human
     0 | D:1      | Noticed a vine stalker
     0 | D:1      | Noticed a demonspawn
     0 | D:1      | Noticed a merfolk
     0 | D:1      | Noticed an ogre
     7 | D:1      | Killed a ghoul
    13 | D:1      | Killed a merfolk
    16 | D:1      | Killed a spriggan
    17 | D:1      | Killed a demonspawn
    17 | D:1      | Killed a vine stalker
    17 | D:1      | Killed a demigod
    17 | D:1      | Killed a vampire
    18 | D:1      | Killed an ogre
    19 | D:1      | Killed a human
    24 | D:1      | Killed a troll
   250 | D:1      | Reached skill level 1 in Throwing
   279 | D:1      | Reached XP level 2. HP: 24/28 MP: 3/3
   357 | D:1      | Learned a level 2 spell: Blink
   715 | D:2      | Found a snail-covered altar of Cheibriados.
   728 | D:2      | Reached XP level 3. HP: 24/35 MP: 4/4
   973 | D:2      | Slain by a gnoll

Illustrated notes

Levels and vault maps discovered:
D:1:      nicolae_arrival_kraken_aquarium_a, layout_basic
D:2:      layout_loops_ring, basic_altar, nicolae_grassy_gnolls

Skill      XL: |  1  2 |
---------------+-------+-----
Throwing       | 1 |  1.0
Dodging        | 2 |  2.0
Fighting       | 2 |  2.0
Unarmed Combat | |  2.5
Spellcasting   | |  1.5
Translocations | |  2.5

Action                   || total
-------------------------++-------
Melee: Unarmed           ||    83
Armor: Robe              ||    33
Dodge: Dodged            ||    40
